AoeStats
← 小白

Arena

506338076Analyzed
4v4 RM · 20d ago on Sep 13, 2026· 32m 42s· 8 players
Game mode
Random Map
Map size
Large (8 player)
Population
200
Speed
Normal
Resources
Standard
Victory
Conquest
Starting age
Dark Age
Ending age
Imperial Age
RankedLock teamsTeams togetherTeam positionsShared explorationLock speedFull tech treeHidden civsTurbo modeCheats
Victory
Defeat
🇹🇼 Spanish · Taiwan
1933
+7
🇹🇼 Wei · Taiwan
1869
+9
🇹🇼 Italians · Taiwan
1744
+13
🇹🇼 Cumans · Taiwan
1598
+19
🇮🇩 Sicilians · Indonesia
1765
-15
🇩🇪 Ethiopians · Germany
1738
-14
🇨🇦 Bulgarians · Canada
1654
-10
🇦🇺 Wei · Australia
1611
-9
[LOEL] - Nep
0:38 Loom
1:00 Loom
11:10 Feudal Age
11:14 Feudal Age
12:23 Double-Bit Axe
12:44 Horse Collar
15:19 Castle Age
16:18 Bow Saw
16:11 Heavy Plow
21:10 Wheelbarrow
22:37 Gold Mining
23:01 Fervor
23:14 Sanctity
23:06 Loom
24:03 Hand Cart
25:04 Gold Shaft Mining
30:07 Imperial Age
28:16 Scale Barding Armor
28:43 Masonry
28:39 Scale Mail Armor
28:52 Forging
28:05 Light Cavalry
28:55 Bloodlines
28:46 Husbandry
29:18 Stone Mining
30:01 Chain Barding Armor
30:16 Iron Casting
30:31 Devotion
31:26 Plate Barding Armor
31:20 Conscription
31:09 Cavalier
33:20 Blast Furnace
32:39 Scale Mail Armor
32:41 Squires
33:23 First Crusade
LM \ Molle
10:51 Feudal Age
14:33 Castle Age
12:41 Double-Bit Axe
12:52 Horse Collar
15:34 Bow Saw
15:25 Heavy Plow
16:53 Loom
16:54 Town Watch
23:18 Fletching
24:04 Bodkin Arrow
24:25 Crossbowman
25:45 Padded Archer Armor
JMDDN
10:26 Feudal Age
14:03 Castle Age
12:27 Double-Bit Axe
12:34 Horse Collar
15:14 Bow Saw
17:22 Loom
20:43 Wheelbarrow
20:38 Heavy Plow
24:54 Masonry
25:04 Fletching
25:14 Padded Archer Armor
26:40 Bodkin Arrow
27:00 Leather Archer Armor
27:44 Ballistics
OM | Flare
5:26 Loom
8:52 Feudal Age
11:42 Double-Bit Axe
14:37 Fletching
23:05 Castle Age
21:52 Horse Collar
26:33 Bow Saw
26:28 Heavy Plow
散步小鵝
8:50 Feudal Age
9:22 Double-Bit Axe
9:19 Horse Collar
13:47 Wheelbarrow
19:34 Castle Age
17:39 Gold Mining
18:11 Scale Barding Armor
18:53 Bloodlines
20:56 Bow Saw
20:52 Heavy Plow
25:38 Hand Cart
26:56 Chain Barding Armor
28:43 Loom
34:10 Imperial Age
32:18 Forging
小蜜蜂
10:05 Feudal Age
10:27 Loom
14:31 Castle Age
12:59 Double-Bit Axe
13:39 Horse Collar
19:01 Fletching
21:24 Bodkin Arrow
25:39 Bow Saw
25:20 Gold Mining
28:13 Wheelbarrow
28:54 Ballistics
29:01 Padded Archer Armor
32:09 Imperial Age
31:54 Hand Cart
32:07 Heavy Plow
32:52 Bracer
34:01 Chemistry
小白
8:23 Feudal Age
8:51 Double-Bit Axe
8:47 Horse Collar
12:51 Wheelbarrow
16:31 Castle Age
14:23 Gold Mining
20:36 Imperial Age
18:41 Stone Mining
19:11 Bow Saw
19:58 Gold Shaft Mining
19:59 Stone Mining
20:46 Heavy Plow
21:45 Hand Cart
21:17 Loom
31:13 Stone Shaft Mining
31:58 Town Watch
老天鵝
11:20 Feudal Age
14:43 Castle Age
13:07 Double-Bit Axe
13:05 Horse Collar
13:32 Double-Bit Axe
14:37 Loom
14:45 Gold Mining
15:51 Bow Saw
20:41 Town Watch
21:24 Devotion
26:48 Wheelbarrow
27:28 Padded Archer Armor
Connection lost

Rejoining the realm…

Still unreachable

The connection could not be restored.

Session expired

The server has moved on; the page needs a fresh start.